AoeStats
← NDF

Arabia

509220218Analyzed
2v2 RM · 6d ago on Sep 25, 2026· 42m 36s· 4 players
Game mode
Random Map
Map size
Medium (4 player)
Population
200
Speed
Normal
Resources
Standard
Victory
Conquest
Starting age
Dark Age
Ending age
Imperial Age
RankedLock teamsTeams togetherTeam positionsShared explorationLock speedFull tech treeHidden civsTurbo modeCheats
Victory
Defeat
🇦🇷 Teutons · Argentina
703
+14
🇦🇷 Spanish · Argentina
687
+14
🇮🇹 Gurjaras · Italy
685
-15
🇮🇹 Byzantines · Italy
621
-13
marcobusca96
11:45 Feudal Age
14:36 Double-Bit Axe
14:33 Horse Collar
16:11 Gold Mining
16:45 Stone Mining
21:18 Castle Age
19:57 Wheelbarrow
19:59 Forging
20:49 Fletching
21:05 Scale Barding Armor
22:40 Bow Saw
22:33 Heavy Plow
23:23 Chain Barding Armor
24:31 Iron Casting
24:40 Husbandry
26:10 Gold Shaft Mining
26:11 Stone Shaft Mining
26:57 Bloodlines
33:20 Thumb Ring
33:20 Padded Archer Armor
34:27 Bodkin Arrow
buscaleroy
6:06 Loom
11:55 Feudal Age
12:59 Double-Bit Axe
16:36 Gold Mining
19:46 Man-at-Arms
21:09 Scale Mail Armor
21:31 Horse Collar
28:10 Castle Age
28:04 Scale Barding Armor
29:15 Husbandry
29:49 Stone Mining
29:41 Man-at-Arms
31:11 Coinage
31:21 Gambesons
31:00 Long Swordsman
36:38 Bow Saw
36:44 Forging
42:13 Heavy Plow
estebanpa
5:30 Loom
10:57 Feudal Age
16:23 Castle Age
14:21 Double-Bit Axe
14:19 Horse Collar
16:41 Wheelbarrow
17:13 Scale Barding Armor
18:36 Bow Saw
21:02 Chain Barding Armor
21:33 Squires
23:10 Heavy Plow
24:07 Pikeman
25:41 Arson
28:42 Imperial Age
27:21 Bloodlines
27:12 Gold Mining
27:55 Stone Mining
30:01 Plate Barding Armor
28:50 Cavalier
31:32 Husbandry
35:54 Redemption
36:00 Block Printing
36:11 Illumination
36:17 Scale Mail Armor
36:28 Forging
35:41 Halberdier
37:18 Hoardings
37:55 Two-Man Saw
38:39 Stone Shaft Mining
40:07 Paladin
42:51 Caravan
NDF
2:43 Loom
12:49 Feudal Age
12:55 Man-at-Arms
20:02 Castle Age
18:00 Horse Collar
18:28 Double-Bit Axe
19:21 Stone Mining
20:38 Long Swordsman
22:14 Crossbowman
23:10 Gold Mining
25:01 Heavy Plow
26:37 Stone Shaft Mining
27:16 Padded Archer Armor
33:58 Fletching
37:42 Elite Skirmisher
Connection lost

Rejoining the realm…

Still unreachable

The connection could not be restored.

Session expired

The server has moved on; the page needs a fresh start.